AoeStats
← WilliamWallace

Arabia

509508464Analyzed
1v1 RM · 4d ago on Sep 27, 2026· 26m 44s· 2 players
Game mode
Random Map
Map size
Tiny (2 player)
Population
200
Speed
Normal
Resources
Standard
Victory
Conquest
Starting age
Dark Age
Ending age
Imperial Age
RankedLock teamsTeams togetherTeam positionsShared explorationLock speedFull tech treeHidden civsTurbo modeCheats
Victory
Defeat
🇨🇱 Gurjaras · Chile
1122
+17
🇵🇹 Armenians · Portugal
1134
-17
WilliamWallace
6:30 Loom
8:53 Feudal Age
14:42 Forging
14:42 Double-Bit Axe
17:13 Horse Collar
21:39 Castle Age
20:12 Scale Barding Armor
21:44 Bloodlines
23:05 Iron Casting
22:02 Light Cavalry
23:14 Fletching
24:34 Light Cavalry
25:26 Bow Saw
25:18 Gold Mining
26:59 Town Watch
27:49 Wheelbarrow
bixo
3:43 Loom
11:00 Feudal Age
16:49 Double-Bit Axe
17:46 Gold Mining
23:31 Castle Age
22:33 Fletching
23:54 Padded Archer Armor
23:47 Crossbowman
23:51 Pikeman
24:29 Bodkin Arrow
Connection lost

Rejoining the realm…

Still unreachable

The connection could not be restored.

Session expired

The server has moved on; the page needs a fresh start.